 Dungeon Crawl Stone Soup version 0.21.1-1-g345015f (webtiles) character file.

479 letownia2 the Charmwright (level 7, -9/56 HPs)
             Began as a Gnoll Skald on Feb 27, 2018.
             Was an Initiate of Cheibriados.
             Shot with an arrow by a centaur warrior (12 damage)
             ... created by the fury of Okawaru
             ... on level 5 of the Dungeon.
             The game lasted 00:07:03 (1037 turns).

letownia2 the Charmwright (Gnoll Skald)             Turns: 1037, Time: 00:07:03

Health: -9/56      AC:  7    Str: 15    XL:     7   Next: 11%
Magic:  5/15       EV: 14    Int: 21    God:    Cheibriados [......]
Gold:   102        SH:  0    Dex: 15    Spells: 6/17 levels left

rFire    + . .     SeeInvis .   a - +0 spear
rCold    . . .     Gourm    .   (no shield)
rNeg     . . .     Faith    .   v - +3 leather armour {rF+}
rPois    .         Spirit   .   t - +0 helmet (curse)
rElec    .         Reflect  .   (no cloak)
rCorr    .         Harm     .   (no gloves)
MR       .....                  (no boots)
Stlth    ++........             (no amulet)
HPRegen  0.18/turn              p - +3 ring of intelligence
MPRegen  0.14/turn              (no ring)

@: very slow
A: distributed training, fangs 1, strong nose
a: Bend Time, Renounce Religion


You were on level 5 of the Dungeon.
You worshipped Cheibriados.
Cheibriados was noncommittal.
You were not hungry.

You visited 2 branches of the dungeon, and saw 6 of its levels.

You collected 102 gold pieces.

Inventory:

Hand Weapons
 a - a +0 spear (weapon)
 b - a +1 dagger of speed
 r - a +0 dagger of electrocution
 w - a +0 rapier
Missiles
 l - 16 bolts
 q - 2 javelins (quivered)
Armour
 h - a +0 leather armour
 k - a +0 ring mail
 t - a cursed +0 helmet (worn)
 v - a +3 leather armour of fire resistance (worn)
Jewellery
 p - a +3 ring of intelligence (left hand)
Wands
 x - a wand of digging (13)
Scrolls
 e - a scroll of fog {unknown}
 f - a scroll of identify {unknown}
 m - 2 scrolls of enchant weapon {unknown}
 o - a scroll of enchant armour {unknown}
Potions
 g - a potion of ambrosia {unknown}
 i - a potion of heal wounds {unknown}
 j - a potion of agility {unknown}
 n - a potion of brilliance {unknown}
 s - a potion of berserk rage {unknown}
Books
 c - a book of Battle

   Spells                             Type                      Level
   a - Infusion                       Charms                       1
   b - Shroud of Golubria             Charms/Translocation         2
   c - Song of Slaying                Charms                       2
   d - Spectral Weapon                Hexes/Charms                 3
   e - Regeneration                   Charms/Necromancy            3
 y - a book of Misfortune

   Spells                             Type                      Level
   a - Confusing Touch                Hexes                        1
   b - Confuse                        Hexes                        3
   c - Gell's Gravitas                Translocation                3
   d - Petrify                        Transmutation/Earth          4
   e - Metabolic Englaciation         Hexes/Ice                    5
   f - Yara's Violent Unravelling     Hexes/Transmutation          5
Comestibles
 d - 5 rations
 u - 3 chunks of flesh


   Skills:
 + Level 5.1 Fighting
 + Level 2.2 Short Blades
 + Level 2.2 Long Blades
 + Level 2.2 Axes
 + Level 2.2 Maces & Flails
 + Level 5.1 Polearms
 + Level 2.2 Staves
 + Level 2.2 Slings
 + Level 2.2 Bows
 + Level 2.2 Crossbows
 + Level 2.2 Throwing
 + Level 3.4 Armour
 + Level 5.1 Dodging
 + Level 2.2 Stealth
 + Level 2.2 Shields
 + Level 2.2 Unarmed Combat
 + Level 5.5 Spellcasting
 + Level 1.8 Conjurations
 + Level 1.8 Hexes
 + Level 5.7 Charms
 + Level 1.8 Summonings
 + Level 1.8 Necromancy
 + Level 1.8 Translocations
 + Level 1.8 Transmutations
 + Level 1.8 Fire Magic
 + Level 1.8 Ice Magic
 + Level 1.8 Air Magic
 + Level 1.8 Earth Magic
 + Level 1.8 Poison Magic
 + Level 2.5 Invocations
 + Level 2.2 Evocations


You had 6 spell levels left.
You knew the following spells:

 Your Spells              Type           Power        Failure   Level  Hunger
a - Infusion              Chrm           ####         1%          1    None
g - Regeneration          Chrm/Necr      ###.......   8%          3    ##.....
l - Song of Slaying       Chrm           ####....     1%          2    None
t - Shroud of Golubria    Chrm/Tloc      ###.......   4%          2    None
x - Spectral Weapon       Hex/Chrm       ###.....     8%          3    ##.....


Dungeon Overview and Level Annotations

Branches:
Dungeon (5/15)             Temple (1/1) D:4

Altars:
Ashenzari
Cheibriados
Dithmenos
Elyvilon
Hepliaklqana
Kikubaaqudgha
Makhleb
Nemelex Xobeh
Okawaru
Qazlal
Ru
Sif Muna
Trog
Uskayaw
Yredelemnul
Zin
The Shining One


Innate Abilities, Weirdness & Mutations

Your experience applies equally to all skills.
You have very sharp teeth.
Your uncanny sense of smell can sniff out nearby items.


Message History

Unknown command.
The centaur warrior wields a shortbow.
The centaur warrior shoots an arrow.
The arrow hits you!!
* * * LOW HITPOINT WARNING * * *
The arrow disappears in a puff of smoke!
Unknown command.
Unknown command.
An orc comes into view. It is wielding a club.
You see here a ration.
Unknown command.
d - 5 rations (gained 1)
The centaur warrior unwields an uncursed shortbow.
The centaur warrior hits you.
* * * LOW HITPOINT WARNING * * *
Unknown command.
Unknown command.
Okay, then.
The centaur warrior wields an uncursed shortbow.
The centaur warrior shoots an arrow.
The arrow hits you!
You die...

###.# .... ....
#..# #.%## ..[ .#
#.# #.##.# #.#
#@##.# #.# #.##.#
#.####### #c##.#
##........
#o##.####.........
#.o.o......#.....#
##o.....>).......#
#.#o.....##.....#
...#####..###.....
##### #..# ######


You could see a centaur warrior, an orc warrior, an orc wizard and an orc
(wandering).

Vanquished Creatures
  Eustachio (D:5)
  2 ogres (D:5)
  A scorpion (D:3)
  2 worker ants (D:4)
  2 adders (D:2)
  A worm (D:2)
  A dart slug (D:1)
  2 leopard geckos
  An orc (D:4)
  A bat (D:2)
  A giant cockroach (D:2)
  6 goblins
  4 hobgoblins
  3 jackals (D:1)
  3 kobolds
  5 frilled lizards
  A jackal skeleton (D:5)
  3 rats
40 creatures vanquished.

Notes
Turn   | Place    | Note
-------+----------+-------------------------------------------
     0 | D:1      | letownia2 the Gnoll Skald began the quest for the Orb.
     0 | D:1      | Reached XP level 1. HP: 20/20 MP: 6/6
    27 | D:1      | Reached XP level 2. HP: 13/26 MP: 0/7
   100 | D:1      | Learned a level 2 spell: Song of Slaying
   103 | D:1      | Learned a level 2 spell: Shroud of Golubria
   324 | D:2      | Reached skill level 5 in Spellcasting
   324 | D:2      | Reached XP level 3. HP: 20/31 MP: 4/9
   347 | D:2      | Learned a level 3 spell: Regeneration
   353 | D:2      | Learned a level 3 spell: Spectral Weapon
   436 | D:2      | Reached skill level 1 in Invocations
   483 | D:3      | Reached skill level 1 in Short Blades
   483 | D:3      | Reached skill level 1 in Long Blades
   483 | D:3      | Reached skill level 1 in Axes
   483 | D:3      | Reached skill level 1 in Maces & Flails
   483 | D:3      | Reached skill level 1 in Staves
   483 | D:3      | Reached skill level 1 in Slings
   483 | D:3      | Reached skill level 1 in Bows
   483 | D:3      | Reached skill level 1 in Crossbows
   483 | D:3      | Reached skill level 1 in Throwing
   483 | D:3      | Reached skill level 1 in Stealth
   483 | D:3      | Reached skill level 1 in Shields
   483 | D:3      | Reached skill level 1 in Unarmed Combat
   483 | D:3      | Reached skill level 1 in Evocations
   496 | D:3      | Noticed a scorpion
   578 | D:3      | Killed a scorpion
   578 | D:3      | Reached skill level 1 in Conjurations
   578 | D:3      | Reached skill level 1 in Hexes
   578 | D:3      | Reached skill level 1 in Summonings
   578 | D:3      | Reached skill level 1 in Necromancy
   578 | D:3      | Reached skill level 1 in Translocations
   578 | D:3      | Reached skill level 1 in Transmutations
   578 | D:3      | Reached skill level 1 in Fire Magic
   578 | D:3      | Reached skill level 1 in Ice Magic
   578 | D:3      | Reached skill level 1 in Air Magic
   578 | D:3      | Reached skill level 1 in Earth Magic
   578 | D:3      | Reached skill level 1 in Poison Magic
   578 | D:3      | Reached XP level 4. HP: 33/38 MP: 1/11
   622 | D:4      | Found a staircase to the Ecumenical Temple.
   639 | D:4      | Reached XP level 5. HP: 43/43 MP: 1/12
   694 | Temple   | Entered the Ecumenical Temple
   773 | Temple   | Became a worshipper of Warmaster Okawaru
   817 | D:4      | Found a snail-covered altar of Cheibriados.
   820 | D:4      | Fell from the grace of Okawaru
   820 | D:4      | Became a worshipper of Cheibriados the Contemplative
   833 | D:5      | Entered Level 5 of the Dungeon
   847 | D:5      | Noticed an ogre
   856 | D:5      | Killed an ogre
   856 | D:5      | Reached XP level 6. HP: 22/50 MP: 7/13
   873 | D:5      | Noticed Eustachio
   957 | D:5      | Killed Eustachio
   957 | D:5      | Reached skill level 5 in Fighting
   957 | D:5      | Reached skill level 5 in Polearms
   957 | D:5      | Reached skill level 5 in Dodging
  1019 | D:5      | Reached XP level 7. HP: 14/56 MP: 5/15
  1032 | D:5      | Noticed a centaur warrior
  1037 | D:5      | Shot with an arrow by a centaur warrior

Skill      XL: |  1  2  3  4  5  6 |
---------------+-------------------+-----
Spellcasting   | 5 |  5.5
Invocations    | 1 2 |  2.5
Short Blades   | 1 2 |  2.2
Long Blades    | 1 2 |  2.2
Axes           | 1 2 |  2.2
Maces & Flails | 1 2 |  2.2
Staves         | 1 2 |  2.2
Slings         | 1 2 |  2.2
Bows           | 1 2 |  2.2
Crossbows      | 1 2 |  2.2
Throwing       | 1 2 |  2.2
Stealth        | 1 2 |  2.2
Shields        | 1 2 |  2.2
Unarmed Combat | 1 2 |  2.2
Evocations     | 1 2 |  2.2
Conjurations   | 1 |  1.8
Hexes          | 1 |  1.8
Summonings     | 1 |  1.8
Necromancy     | 1 |  1.8
Translocations | 1 |  1.8
Transmutations | 1 |  1.8
Fire Magic     | 1 |  1.8
Ice Magic      | 1 |  1.8
Air Magic      | 1 |  1.8
Earth Magic    | 1 |  1.8
Poison Magic   | 1 |  1.8
Armour         | 3 |  3.4
Fighting       | 5 |  5.1
Polearms       | 5 |  5.1
Dodging        | 5 |  5.1
Charms         | |  5.7

Action                   |  1- 3 |  4- 6 |  7- 9 || total
-------------------------+-------+-------+-------++-------
Melee: Spear             |   110 |    76 |       ||   186
       Bite              |    14 |     6 |       ||    20
       Dagger            |    12 |       |       ||    12
       Punch             |       |     1 |       ||     1
Throw: Javelin           |       |     4 |       ||     4
 Cast: Infusion          |     2 |       |       ||     2
       Shroud of Golubri |    10 |     9 |       ||    19
       Regeneration      |     2 |     2 |     1 ||     5
       Spectral Weapon   |     1 |     7 |       ||     8
       Song of Slaying   |     1 |     1 |       ||     2
 Stab: Sleeping          |     1 |       |       ||     1
       Distracted        |       |     1 |       ||     1
  Eat: Chunk             |       |     2 |       ||     2
Armor: Leather armour    |    19 |     9 |       ||    28
Dodge: Dodged            |    58 |    41 |       ||    99
